[ AOE2 MATCH · #505876547 ]
UnrankedKhmer vs Portuguese
Player's team · LOSS
[ REPLAY ANALYSIS · EXTRACTED FROM THE RECORDED GAME ]
Feudal
—
Castle
—
Imperial
—
| APM avg | 34.1 |
| APM peak | 95 |
| eAPM avg | 19.3 |
| Villagers / military | 91 / 17 |
Focus
⚔️ 17.6% · 🌾 82.4%
Battering Ram ×10 · Scout Cavalry ×5 · Mangonel ×2
Feudal
—
Castle
—
Imperial
—
| APM avg | 31.2 |
| APM peak | 74 |
| eAPM avg | 18.2 |
| Villagers / military | 60 / 35 |
Focus
⚔️ 14.4% · 🌾 85.6%
Monk ×22 · Petard ×10 · Organ Gun ×3
Match map
Initial resources + every placement click. Lines = walls · curves = elevation contours. ◆ gold · ⬟ stone · ● berries · ✦ relic · ◌ wall gap
Your base· ✓ Closed at 13:30 · 10t walls · 3 gate(s)
dr.extor's base· ✓ Closed at 13:58 · 0t walls · 3 gate(s)
Smoothed initial terrain · ◌ = detected wall gap · hover for details
Inputs per minute
— ManyKitten76428 - - dr.extor
Build order — ManyKitten76428
First 150 of 205 actions detected
| 0:01 | Queue | Villager (Male) |
| 0:01 | Queue | Villager (Male) |
| 0:01 | Queue | Villager (Male) |
| 0:01 | Queue | Villager (Male) |
| 0:02 | Queue | Villager (Male) |
| 0:02 | Queue | Villager (Male) |
| 0:02 | Queue | Villager (Male) |
| 0:02 | Queue | Villager (Male) |
| 0:02 | Queue | Villager (Male) |
| 0:04 | Build | House |
| 0:06 | Build | House |
| 1:25 | Queue | Villager (Male) |
| 1:25 | Queue | Villager (Male) |
| 1:55 | Queue | Villager (Male) |
| 1:55 | Queue | Villager (Male) |
| 1:55 | Queue | Villager (Male) |
| 2:04 | Queue | Villager (Male) |
| 2:04 | Queue | Villager (Male) |
| 2:04 | Queue | Villager (Male) |
| 2:14 | Build | Lumber Camp |
| 2:24 | Queue | Villager (Male) |
| 2:24 | Queue | Villager (Male) |
| 2:54 | Queue | Villager (Male) |
| 2:54 | Queue | Villager (Male) |
| 3:13 | Queue | Villager (Male) |
| 3:13 | Queue | Villager (Male) |
| 3:13 | Queue | Villager (Male) |
| 3:32 | Queue | Villager (Male) |
| 3:32 | Queue | Villager (Male) |
| 3:45 | Queue | Villager (Male) |
| 3:46 | Queue | Villager (Male) |
| 3:46 | Queue | Villager (Male) |
| 3:50 | Build | House |
| 3:55 | Build | Palisade Gate |
| 4:01 | Queue | Villager (Male) |
| 4:01 | Queue | Villager (Male) |
| 4:29 | Build | Palisade Wall |
| 4:37 | Build | Palisade Wall |
| 4:40 | Build | Palisade Wall |
| 4:43 | Build | Palisade Wall |
| 4:47 | Build | Palisade Wall |
| 4:48 | Queue | Villager (Male) |
| 4:48 | Queue | Villager (Male) |
| 4:48 | Queue | Villager (Male) |
| 4:50 | Build | Palisade Wall |
| 4:53 | Build | House |
| 5:12 | Queue | Villager (Male) |
| 5:12 | Queue | Villager (Male) |
| 5:13 | Queue | Villager (Male) |
| 5:30 | Build | Mining Camp |
| 5:42 | Build | Palisade Wall |
| 5:45 | Build | Palisade Wall |
| 5:49 | Build | Palisade Wall |
| 5:52 | Build | Palisade Wall |
| 6:16 | Queue | Villager (Male) |
| 6:55 | Queue | Villager (Male) |
| 6:59 | Queue | Villager (Male) |
| 6:59 | Queue | Villager (Male) |
| 7:34 | Build | Mill |
| 7:45 | Build | Mill |
| 8:35 | Build | House |
| 8:36 | Build | House |
| 8:45 | Research | Feudal Age |
| 8:45 | Research | Feudal Age |
| 9:28 | Research | Loom |
| 9:50 | Build | Farm |
| 10:02 | Build | Farm |
| 11:00 | Build | Stable |
| 11:18 | Queue | Villager (Male) |
| 11:44 | Queue | Villager (Male) |
| 11:50 | Build | Mining Camp |
| 12:10 | Queue | Villager (Male) |
| 12:23 | Queue | Villager (Male) |
| 12:30 | Build | Farm |
| 12:38 | Build | Farm |
| 12:42 | Build | Farm |
| 12:51 | Queue | Villager (Male) |
| 12:59 | Build | Farm |
| 13:30 | Research | Castle Age |
| 13:30 | Research | Castle Age |
| 14:03 | Research | Double-Bit Axe |
| 14:29 | Build | Outpost |
| 14:51 | Research | Horse Collar |
| 15:13 | Build | Stone Wall |
| 15:15 | Build | Stone Wall |
| 15:17 | Build | Stone Wall |
| 15:19 | Build | Stone Wall |
| 15:40 | Queue | Villager (Male) |
| 15:48 | Queue | Villager (Male) |
| 16:16 | Build | Monastery |
| 16:24 | Build | Town Center |
| 16:31 | Build | House |
| 16:46 | Queue | Scout Cavalry |
| 17:18 | Build | Siege Workshop |
| 17:32 | Queue | Villager (Male) |
| 17:32 | Queue | Villager (Male) |
| 17:50 | Queue | Villager (Male) |
| 17:58 | Build | Farm |
| 18:00 | Build | Farm |
| 18:04 | Build | Farm |
| 18:06 | Queue | Villager (Male) |
| 18:08 | Queue | Villager (Male) |
| 18:08 | Queue | Villager (Male) |
| 18:12 | Queue | Battering Ram |
| 18:12 | Queue | Battering Ram |
| 18:46 | Build | Siege Workshop |
| 18:51 | Queue | Villager (Male) |
| 18:52 | Queue | Villager (Male) |
| 18:59 | Build | Farm |
| 19:14 | Build | Stone Wall |
| 19:23 | Build | Stone Wall |
| 19:25 | Build | Stone Wall |
| 19:27 | Build | Stone Wall |
| 19:28 | Build | Stone Wall |
| 19:42 | Build | House |
| 19:46 | Build | Stone Wall |
| 19:55 | Build | Stone Wall |
| 19:59 | Build | Stone Wall |
| 20:12 | Queue | Villager (Male) |
| 20:12 | Queue | Villager (Male) |
| 20:13 | Queue | Villager (Male) |
| 20:14 | Queue | Villager (Male) |
| 20:28 | Build | Mining Camp |
| 20:38 | Build | Mining Camp |
| 21:20 | Queue | Villager (Male) |
| 21:21 | Queue | Villager (Male) |
| 21:21 | Queue | Villager (Male) |
| 21:21 | Queue | Villager (Male) |
| 21:32 | Queue | Villager (Male) |
| 21:32 | Queue | Villager (Male) |
| 21:32 | Queue | Villager (Male) |
| 21:41 | Build | Stone Wall |
| 21:53 | Queue | Battering Ram |
| 22:00 | Build | Stone Wall |
| 22:16 | Build | Stone Wall |
| 22:30 | Build | Stone Wall |
| 22:35 | Build | Lumber Camp |
| 22:55 | Queue | Battering Ram |
| 22:59 | Queue | Villager (Male) |
| 22:59 | Queue | Villager (Male) |
| 23:05 | Queue | Villager (Male) |
| 23:05 | Queue | Villager (Male) |
| 23:07 | Queue | Villager (Male) |
| 23:07 | Queue | Villager (Male) |
| 23:08 | Queue | Villager (Male) |
| 23:15 | Build | Stone Wall |
| 23:47 | Queue | Battering Ram |
| 23:57 | Build | Stone Wall |
| 24:51 | Build | Farm |
| 24:57 | Build | House |
Build order — dr.extor
150 actions detected in the replay
| 0:01 | Queue | Villager (Male) |
| 0:01 | Queue | Villager (Male) |
| 0:02 | Queue | Villager (Male) |
| 0:03 | Build | House |
| 0:05 | Build | House |
| 0:23 | Queue | Villager (Male) |
| 0:24 | Queue | Villager (Male) |
| 1:05 | Build | Mill |
| 1:33 | Queue | Villager (Male) |
| 2:07 | Queue | Villager (Male) |
| 2:39 | Queue | Villager (Male) |
| 2:39 | Queue | Villager (Male) |
| 3:02 | Queue | Villager (Male) |
| 3:11 | Build | House |
| 3:17 | Queue | Villager (Male) |
| 3:48 | Queue | Villager (Male) |
| 3:51 | Queue | Villager (Male) |
| 4:06 | Build | Lumber Camp |
| 4:30 | Queue | Villager (Male) |
| 4:45 | Build | House |
| 4:49 | Queue | Villager (Male) |
| 5:10 | Build | House |
| 5:15 | Queue | Villager (Male) |
| 5:48 | Queue | Villager (Male) |
| 5:49 | Queue | Villager (Male) |
| 5:49 | Queue | Villager (Male) |
| 6:12 | Build | Mining Camp |
| 6:24 | Queue | Villager (Male) |
| 6:28 | Queue | Villager (Male) |
| 6:49 | Queue | Villager (Male) |
| 7:15 | Queue | Villager (Male) |
| 7:28 | Queue | Villager (Male) |
| 7:37 | Queue | Villager (Male) |
| 7:59 | Build | House |
| 8:11 | Queue | Villager (Male) |
| 9:29 | Queue | Villager (Male) |
| 9:30 | Queue | Villager (Male) |
| 9:38 | Build | Farm |
| 9:43 | Build | Farm |
| 9:47 | Build | Farm |
| 9:52 | Build | Farm |
| 9:56 | Build | Farm |
| 10:01 | Queue | Villager (Male) |
| 10:47 | Research | Feudal Age |
| 12:52 | Queue | Villager (Male) |
| 12:52 | Research | Loom |
| 13:16 | Build | Market |
| 13:23 | Build | Blacksmith |
| 13:37 | Research | Stone Mining |
| 13:40 | Research | Double-Bit Axe |
| 13:58 | Research | Castle Age |
| 14:08 | Build | Gate |
| 14:47 | Research | Gold Mining |
| 15:23 | Research | Horse Collar |
| 16:02 | Queue | Villager (Male) |
| 16:14 | Research | Fletching |
| 16:48 | Queue | Villager (Male) |
| 16:57 | Build | Castle |
| 17:12 | Build | Farm |
| 17:13 | Build | Farm |
| 17:13 | Build | Farm |
| 17:13 | Build | Farm |
| 17:30 | Build | Mining Camp |
| 17:39 | Queue | Villager (Male) |
| 18:07 | Build | Mill |
| 18:12 | Queue | Villager (Male) |
| 18:36 | Queue | Villager (Male) |
| 19:04 | Queue | Villager (Male) |
| 19:06 | Build | Farm |
| 19:36 | Queue | Villager (Male) |
| 19:37 | Queue | Villager (Male) |
| 19:37 | Build | Farm |
| 19:38 | Build | Farm |
| 19:38 | Build | Farm |
| 19:38 | Build | Farm |
| 19:48 | Build | Castle |
| 20:10 | Queue | Villager (Male) |
| 20:38 | Build | Mining Camp |
| 20:45 | Queue | Villager (Male) |
| 21:06 | Build | Monastery |
| 21:07 | Build | Monastery |
| 21:08 | Build | Monastery |
| 21:09 | Build | Monastery |
| 21:09 | Build | Monastery |
| 21:19 | Queue | Villager (Male) |
| 21:38 | Build | Monastery |
| 21:46 | Queue | Monk |
| 21:48 | Queue | Villager (Male) |
| 21:50 | Queue | Villager (Male) |
| 21:50 | Queue | Villager (Male) |
| 22:07 | Queue | Monk |
| 22:07 | Queue | Monk |
| 22:37 | Research | Bow Saw |
| 23:08 | Queue | Villager (Male) |
| 23:08 | Queue | Villager (Male) |
| 23:19 | Research | Sanctity |
| 23:20 | Research | Redemption |
| 23:42 | Queue | Villager (Male) |
| 23:43 | Queue | Villager (Male) |
| 23:44 | Queue | Villager (Male) |
| 25:03 | Queue | Monk |
| 25:04 | Queue | Monk |
| 25:04 | Queue | Monk |
| 25:05 | Queue | Villager (Male) |
| 25:05 | Queue | Villager (Male) |
| 25:06 | Queue | Villager (Male) |
| 25:07 | Queue | Villager (Male) |
| 25:09 | Build | Lumber Camp |
| 25:40 | Queue | Villager (Male) |
| 25:41 | Queue | Villager (Male) |
| 26:18 | Queue | Monk |
| 26:18 | Queue | Monk |
| 26:20 | Queue | Villager (Male) |
| 26:22 | Research | Town Watch |
| 26:46 | Queue | Organ Gun |
| 26:46 | Queue | Organ Gun |
| 26:47 | Queue | Organ Gun |
| 26:54 | Queue | Monk |
| 26:54 | Queue | Monk |
| 27:49 | Queue | Monk |
| 27:49 | Queue | Monk |
| 27:50 | Queue | Monk |
| 27:50 | Queue | Monk |
| 28:10 | Queue | Villager (Male) |
| 28:10 | Queue | Villager (Male) |
| 28:11 | Queue | Villager (Male) |
| 28:17 | Build | House |
| 28:18 | Build | House |
| 28:18 | Build | House |
| 28:18 | Build | House |
| 28:19 | Build | House |
| 28:20 | Build | House |
| 28:20 | Build | House |
| 28:20 | Build | House |
| 28:52 | Build | Mining Camp |
| 29:08 | Research | Wheelbarrow |
| 29:13 | Research | Bodkin Arrow |
| 30:10 | Build | Castle |
| 30:23 | Queue | Monk |
| 30:23 | Queue | Monk |
| 30:24 | Queue | Monk |
| 30:24 | Queue | Monk |
| 30:24 | Queue | Monk |
| 30:44 | Queue | Petard ×5 |
| 30:44 | Queue | Petard ×5 |
| 30:51 | Queue | Monk |
| 30:51 | Queue | Monk |
| 30:51 | Queue | Monk |
| 30:52 | Queue | Villager (Male) |
| 30:56 | Build | Mining Camp |
Match timeline
| 4:29 | ManyKitten76428 · wall_segment Palisade Wall x1 |
| 4:37 | ManyKitten76428 · wall_segment Palisade Wall x1 |
| 4:40 | ManyKitten76428 · wall_segment Palisade Wall x1 |
| 4:43 | ManyKitten76428 · wall_segment Palisade Wall x1 |
| 4:47 | ManyKitten76428 · wall_segment Palisade Wall x1 |
| 4:50 | ManyKitten76428 · wall_segment Palisade Wall x1 |
| 5:42 | ManyKitten76428 · wall_segment Palisade Wall x1 |
| 5:45 | ManyKitten76428 · wall_segment Palisade Wall x1 |
| 5:49 | ManyKitten76428 · wall_segment Palisade Wall x1 |
| 5:52 | ManyKitten76428 · wall_segment Palisade Wall x1 |
| 11:00 | ManyKitten76428 · first_building Stable |
| 15:13 | ManyKitten76428 · wall_segment Stone Wall x4 |
| 15:15 | ManyKitten76428 · wall_segment Stone Wall x3 |
| 15:17 | ManyKitten76428 · wall_segment Stone Wall x2 |
| 15:19 | ManyKitten76428 · wall_segment Stone Wall x3 |
| 16:16 | ManyKitten76428 · first_building Monastery |
| 16:57 | dr.extor · first_building Castle |
| 17:18 | ManyKitten76428 · first_building Siege Workshop |
| 19:14 | ManyKitten76428 · wall_segment Stone Wall x4 |
| 19:23 | ManyKitten76428 · wall_segment Stone Wall x4 |
| 19:25 | ManyKitten76428 · wall_segment Stone Wall x3 |
| 19:27 | ManyKitten76428 · wall_segment Stone Wall x2 |
| 19:28 | ManyKitten76428 · wall_segment Stone Wall x3 |
| 19:46 | ManyKitten76428 · wall_segment Stone Wall x1 |
| 19:55 | ManyKitten76428 · wall_segment Stone Wall x1 |
| 19:59 | ManyKitten76428 · wall_segment Stone Wall x1 |
| 20:52 | dr.extor · first_market_sell 100 stone |
| 20:53 | dr.extor · first_market_buy 100 wood |
| 21:06 | dr.extor · first_building Monastery |
| 21:41 | ManyKitten76428 · wall_segment Stone Wall x3 |
| 22:00 | ManyKitten76428 · wall_segment Stone Wall x2 |
| 22:16 | ManyKitten76428 · wall_segment Stone Wall x2 |
| 22:30 | ManyKitten76428 · wall_segment Stone Wall x13 |
| 23:15 | ManyKitten76428 · wall_segment Stone Wall x3 |
| 23:57 | ManyKitten76428 · wall_segment Stone Wall x1 |
| 25:01 | ManyKitten76428 · wall_segment Stone Wall x10 |
| 25:46 | ManyKitten76428 · first_building Castle |
| 31:56 | ManyKitten76428 · resign |
[ AI ANALYSIS · 1 CREDIT ]
What really happened in this match?
Wolo.gg analyzes every decision: build order, eco, micro, common mistakes by bracket. Personalized analysis on WhatsApp or Discord in 30 seconds.
Civ guide
Khmer
Perfil
Jugador #15948060